 Dungeon Crawl Stone Soup version 0.23.1 (webtiles) character file.

Game seed: 10619941835775476085

51 vatarom the Conjurer (level 3, 31/31 HPs)
             Began as a Gnoll Wanderer on Mar 17, 2019.
             Was a Follower of Okawaru.
             Quit the game on level 2 of the Dungeon.
             The game lasted 00:03:23 (1608 turns).

vatarom the Conjurer (Gnoll Wanderer)               Turns: 1608, Time: 00:03:24

Health: 31/31      AC:  2    Str: 14    XL:     3   Next: 81%
Magic:  4/4        EV: 15    Int: 12    God:    Okawaru [*.....]
Gold:   18         SH:  0    Dex: 17    Spells: 3/3 levels left

rFire    . . .     SeeInvis .   b - +0 short sword
rCold    . . .     Gourm    .   (no shield)
rNeg     . . .     Faith    .   e - +0 robe
rPois    .         Spirit   .   (no helmet)
rElec    .         Reflect  .   (no cloak)
rCorr    .         Harm     .   (no gloves)
MR       .....                  (no boots)
Stlth    ++........             (no amulet)
HPRegen  0.10/turn              (no ring)
MPRegen  0.09/turn              (no ring)

@: no status effects
A: distributed training, fangs 1, strong nose
a: Heroism, Renounce Religion


You were on level 2 of the Dungeon.
You worshipped Okawaru.
Okawaru was aware of your devotion.
You were not hungry.

You visited 1 branch of the dungeon, and saw 2 of its levels.

You collected 18 gold pieces.

Inventory:

Hand Weapons
 b - a +0 short sword (weapon)
 f - a +0 dagger
Armour
 e - a +0 robe (worn)
Scrolls
 a - 2 scrolls of blinking {@r4}
 c - a scroll of teleportation {@r3}
 h - 3 scrolls of identify {unknown}
 j - a scroll of magic mapping {unknown}
 k - 2 scrolls of remove curse {unknown}
Potions
 d - a potion of lignification
 i - a potion of heal wounds {unknown}
 l - a potion of haste {unknown}
Comestibles
 g - 3 rations {@e1}


   Skills:
 + Level 4.5 Fighting
 + Level 0.9 Short Blades
 + Level 0.9 Long Blades
 + Level 0.9 Axes
 + Level 0.9 Maces & Flails
 + Level 0.9 Polearms
 + Level 0.9 Staves
 + Level 0.9 Slings
 + Level 0.9 Bows
 + Level 0.9 Crossbows
 + Level 2.6 Throwing
 + Level 0.9 Armour
 + Level 4.5 Dodging
 + Level 0.9 Stealth
 + Level 2.6 Shields
 + Level 2.6 Unarmed Combat
 + Level 0.9 Spellcasting
 + Level 5.4 Conjurations
 + Level 0.6 Hexes
 + Level 0.6 Charms
 + Level 0.6 Summonings
 + Level 0.6 Necromancy
 + Level 0.6 Translocations
 + Level 0.6 Transmutations
 + Level 0.6 Fire Magic
 + Level 0.6 Ice Magic
 + Level 0.6 Air Magic
 + Level 0.6 Earth Magic
 + Level 0.6 Poison Magic
 + Level 1.0 Invocations
 + Level 0.9 Evocations


You had 3 spell levels left.
You didn't know any spells.
Your spell library was empty.

Dungeon Overview and Level Annotations

Branches:
Dungeon (2/15)

Altars:
Okawaru


Innate Abilities, Weirdness & Mutations

Your experience applies equally to all skills.
You have very sharp teeth.
Your uncanny sense of smell can sniff out nearby items.


Message History

You hit the quokka. Your bite misses the quokka.
The quokka is almost dead.
The quokka completely misses you. The quokka closely misses you.
You hit the quokka.
You kill the quokka!
No target in view!
There is a faded altar of an unknown god here.
You cannot tell which god this altar belongs to.
Convert to them anyway?
Okay, then.
You cannot tell which god this altar belongs to.
Convert to them anyway?
Okawaru accepts your prayer! Okawaru welcomes you!
You can now gain great but temporary skills.
h - 2 scrolls labeled IMO UQAOGAYW (gained 1)
h - 3 scrolls labeled IMO UQAOGAYW (gained 1)
You see here a robe.
Key pressed, stopping explore.
j - a scroll labeled CUPOOMU GAEPITU
Found an escape hatch in the floor.
Are you sure you want to abandon this character and quit the game? (Confirm with "yes".)

+.............รท...
#...####.##.###### .
##...## #.##...[... ..
#. ...# #.##.......
>..###%###.###.##.......
........................
###.........##.###..####
......^.....+..........#
..!....@....##.........#
.......!....##.........#
....################..#.
... ##.#. .. #.#. #...
##.. #.. ##.


There were no monsters in sight!

Vanquished Creatures
  An adder (D:2)
  2 oozes
  2 dart slugs (D:2)
  2 leopard geckos (D:1)
  2 bats (D:1)
  6 hobgoblins
  A jackal (D:2)
  A quokka (D:2)
  A ball python (D:1)
  A frilled lizard (D:1)
  2 goblins
  3 kobolds
  5 rats
29 creatures vanquished.

Notes
Turn   | Place    | Note
-------+----------+-------------------------------------------
     0 | D:1      | vatarom the Gnoll Wanderer began the quest for the Orb.
     0 | D:1      | vatarom set off with the following items: a scroll of
                  | blinking {@r4}, a potion of berserk rage, a scroll of
                  | teleportation {@r3}, a potion of lignification, a +0 robe,
                  | a +0 dagger, a ration {@e1}
     0 | D:1      | Reached XP level 1. HP: 20/20 MP: 1/1
   349 | D:1      | Reached XP level 2. HP: 26/26 MP: 2/2
  1018 | D:2      | Reached XP level 3. HP: 28/31 MP: 3/3
  1137 | D:2      | Reached skill level 1 in Invocations
  1301 | D:2      | Found a faded altar of an unknown god.
  1535 | D:2      | Became a worshipper of Warmaster Okawaru
  1535 | D:2      | Reached * piety under Okawaru
  1608 | D:2      | Quit the game

Skill      XL: |  1  2  3 |
---------------+----------+-----
Invocations    | 1 |  1.0
Fighting       | |  4.5
Short Blades   | |  0.9
Long Blades    | |  0.9
Axes           | |  0.9
Maces & Flails | |  0.9
Polearms       | |  0.9
Staves         | |  0.9
Slings         | |  0.9
Bows           | |  0.9
Crossbows      | |  0.9
Throwing       | |  2.6
Armour         | |  0.9
Dodging        | |  4.5
Stealth        | |  0.9
Shields        | |  2.6
Unarmed Combat | |  2.6
Spellcasting   | |  0.9
Conjurations   | |  5.4
Hexes          | |  0.6
Charms         | |  0.6
Summonings     | |  0.6
Necromancy     | |  0.6
Translocations | |  0.6
Transmutations | |  0.6
Fire Magic     | |  0.6
Ice Magic      | |  0.6
Air Magic      | |  0.6
Earth Magic    | |  0.6
Poison Magic   | |  0.6
Evocations     | |  0.9

Action                   || total
-------------------------++-------
Melee: Dagger            ||    16
       Short sword       ||    87
       Bite              ||     6
       Punch             ||     2
  Use: Potion            ||     1
 Stab: Sleeping          ||     2
  Eat: Chunk             ||     2
Armor: Robe              ||    14
Dodge: Dodged            ||    77
